 Dungeon Crawl Stone Soup version 0.24.0-123-gd5b16e6ec5 (webtiles) character file.

Game seed: 1250126977929179870, levelgen mode: deterministic

65 Curus the Chopper (level 4, -1/39 HPs)
             Began as a Hill Orc Abyssal Knight on Jan 23, 2020.
             Was a Believer of Lugonu.
             Slain by an orc wizard
             ... wielding a +3 dagger of electrocution
              (2 damage)
             ... on level 3 of the Dungeon.
             The game lasted 00:04:44 (1753 turns).

Curus the Chopper (Hill Orc Abyssal Knight)         Turns: 1753, Time: 00:04:44

Health: -1/39      AC:  7    Str: 14    XL:     4   Next: 14%
Magic:  7/7        EV: 10    Int: 12    God:    Lugonu [**....]
Gold:   100        SH:  0    Dex: 11    Spells: 3/3 levels left

rFire    . . .     SeeInvis .   a - +1 hand axe
rCold    . . .     Gourm    .   (no shield)
rNeg     . . .     Faith    .   d - +1 ring mail
rPois    .         Spirit   .   (no helmet)
rElec    .         Reflect  .   (no cloak)
rCorr    .         Harm     .   (no gloves)
MR       .....                  e - +0 pair of boots
Stlth    +.........             (no amulet)
HPRegen  0.13/turn              (no ring)
MPRegen  0.10/turn              (no ring)

@: no status effects
A: no striking features
a: Depart the Abyss, Bend Space, Renounce Religion, Convert to Beogh


You were on level 3 of the Dungeon.
You worshipped Lugonu.
Lugonu was pleased with you.
You were hungry.

You visited 1 branch of the dungeon, and saw 3 of its levels.
You visited the Abyss 1 time.

You collected 100 gold pieces.

Inventory:

Hand Weapons
 a - a +1 hand axe (weapon)
Armour
 b - a +0 leather armour
 d - a +1 ring mail (worn)
 e - a +0 pair of boots (worn)
Scrolls
 h - a scroll of identify
Potions
 f - 2 potions of degeneration
 g - a potion of heal wounds
 i - a potion of haste
Comestibles
 c - 8 rations


   Skills:
 - Level 3.6 Fighting
 + Level 4.4 Axes
 - Level 2.1 Armour
 - Level 0.7 Dodging
 + Level 4.3 Invocations


You had 3 spell levels left.
You didn't know any spells.
Your spell library was empty.

Dungeon Overview and Level Annotations

Branches:
Dungeon (3/15)

Altars:
Okawaru
Trog


Message History

You hit the orc. The orc hits you with a +0 flail.
The orc priest hits you with a cursed +0 mace.
You slash the orc priest!
The orc priest is almost dead.
The orc priest shouts, "Beogh is our master!
Accept the truth or die!"
You hit the orc.
You kill the orc!
Lugonu accepts your kill.
You hit the orc wizard.
The orc wizard is moderately wounded.
You hit the orc priest but do no damage.
The orc wizard hits you with a +3 dagger of electrocution.
You are electrocuted!!
Ouch! That really hurt!
* * * LOW HITPOINT WARNING * * *
The orc priest hits you but does no damage.
The orc wizard hits you with a +3 dagger of electrocution.
* * * LOW HITPOINT WARNING * * *
The orc wizard hits you with a +3 dagger of electrocution.
You die...

#########
#o@.....#
#o#####.#
#o .. ##.
.. .. .#


You could see an orc priest, an orc wizard and an orc.

Vanquished Creatures
  3 adders (D:2)
  2 dart slugs
  An orc (D:3)
  3 ball pythons
  3 bats
  2 giant cockroaches
  4 goblins (D:1)
  6 hobgoblins
  A quokka (D:2)
  A frilled lizard (D:2)
  2 kobolds (D:1)
  3 rats
31 creatures vanquished.

Notes
Turn   | Place    | Note
-------+----------+-------------------------------------------
     0 | Abyss:1  | Curus the Hill Orc Abyssal Knight began the quest for the
                  | Orb.
     0 | Abyss:1  | Reached XP level 1. HP: 19/19 MP: 2/2
     0 | Abyss:1  | Found a corrupted altar of Lugonu.
    22 | D:1      | Escaped the Abyss
    78 | D:1      | You fall into a shaft and drop 1 floor!
   113 | D:2      | Reached XP level 2. HP: 17/26 MP: 2/4
   464 | D:1      | Reached XP level 3. HP: 30/31 MP: 5/5
  1207 | D:2      | Found a bloodstained altar of Trog.
  1257 | D:2      | Found an iron altar of Okawaru.
  1286 | D:2      | Reached ** piety under Lugonu
  1637 | D:2      | Reached XP level 4. HP: 36/39 MP: 7/7
  1753 | D:3      | HP: 1/39 [orc wizard/+3 dagger of electrocution (1)]
  1753 | D:3      | Slain by an orc wizard

Levels and vault maps discovered:
D:1:      dpeg_arrival_lava_temple_mockup, layout_basic, hex_large
D:2:      layout_loops_corners, lemuel_crystal_altar, old_standard_altar,
          st_stairs_4
D:3:      layout_loops_corners, elyvilon_altar_3, overflow_temple_1_default,
          minmay_bisected

Skill      XL: |  1  2  3 |
---------------+----------+-----
Axes           | 3 4 |  4.4
Invocations    | 3 4 |  4.3
Fighting       | |  3.6
Armour         | |  2.1
Dodging        | |  0.7

Action                   |  1- 3 |  4- 6 || total
-------------------------+-------+-------++-------
Melee: Hand axe          |    92 |     9 ||   101
  Use: Scroll            |     5 |       ||     5
       Potion            |     3 |       ||     3
  Eat: Chunk             |     2 |       ||     2
Armor: Ring mail         |    50 |     3 ||    53
Dodge: Dodged            |    35 |     2 ||    37
